 Dungeon Crawl Stone Soup version 0.31-a0-232-gb1c03b2570 (webtiles) character file.

Game seed: 6159550048507613415

217 qw the Shooter (level 5, -4/45 HPs)
             Began as a Minotaur Hexslinger on July 7, 2023.
             Was an Initiate of Okawaru.
             Succumbed to a scorpion's poison
             ... on level 5 of the Dungeon.
             The game lasted 00:00:58 (2845 turns).

qw the Shooter (Minotaur Hexslinger)                Turns: 2845, Time: 00:00:59

Health: -4/45      AC:  7    Str: 12    XL:     5   Next: 62%
Magic:  5/5        EV: 11    Int: 10    God:    Okawaru [......]
Gold:   153        SH:  0    Dex: 21    Spells: 5/6 levels left

rFire   . . .        Y - +2 sling
rCold   . . .        (no shield)
rNeg    . . .        a - +0 ring mail
rPois   .            (helmet restricted)
rElec   .            e - +1 cloak
rCorr   .            (no gloves)
SInv    .            (no boots)
Will    +....        (no amulet)
Stlth   +            g - +6 ring of dexterity
HPRegen 0.27/turn    k - ring of willpower
MPRegen 0.09/turn

%: no passive effects
@: lethally poisoned (-4 -> -28), about to teleport
A: horns 2, retaliatory headbutt
a: Renounce Religion


You were on level 5 of the Dungeon.
You worshipped Okawaru.
Okawaru was noncommittal.
You visited 2 branches of the dungeon, and saw 6 of its levels.

You collected 153 gold pieces.


Innate Abilities, Weirdness & Mutations

You have a pair of horns on your head.
You reflexively headbutt those who attack you in melee.


   Skills:
 - Level 3.1 Fighting
 + Level 5.8 Ranged Weapons
 - Level 1.1 Armour
 - Level 2.1 Dodging
 - Level 1.0 Spellcasting
 - Level 2.0 Hexes


You had 5 spell levels left.
You knew the following spells:

 Your Spells              Type           Power      Damage    Failure   Level
a - Slow                  Hex            16%        N/A       34%         1

Your spell library contained the following spells:

 Spells                   Type           Power      Damage    Failure   Level
 Inner Flame              Hex/Fire       2%         N/A       83%         3
 Portal Projectile        Hex/Tloc       4%         N/A       83%         3
 Cause Fear               Hex            2%         N/A       98%         4

Inventory:

Hand Weapons
 Y - a +2 sling (weapon)
Armour
 a - a +0 ring mail (worn)
 e - a +1 cloak (worn)
 h - the scarf "Qaokeph" {harm, MP+9 Str+2}
   (You found it on level 4 of the Dungeon)

   Str:       It affects your strength (+2).
   MP:        It affects your magic capacity (+9).
Jewellery
 g - a +6 ring of dexterity (left hand)
 k - a ring of willpower (right hand)
Scrolls
 f - a scroll of identify
 i - a scroll of vulnerability {unknown}
Potions
 b - a potion of haste
 c - a potion of enlightenment
 d - a potion of heal wounds

Dungeon Overview and Level Annotations

Branches:
Dungeon (4/15)             Temple (1/1) D:4

Altars:
Cheibriados
Dithmenos
Elyvilon
Gozag
Hepliaklqana
Makhleb
Nemelex Xobeh
Okawaru
Qazlal
Ru
Sif Muna
Uskayaw
Wu Jian
Xom
Zin


Message History

You shoot a sling bullet. The sling bullet hits the gnoll!
You kill the gnoll!
Okawaru accepts your kill.
You shoot a sling bullet. The sling bullet hits the gnoll.
The gnoll is lightly wounded.
The gnoll completely misses you.
You shoot a sling bullet. The sling bullet hits the gnoll!
The gnoll is severely wounded.
The gnoll hits you but does no damage.
The gnoll hits you from afar with a +0 spear.
You shoot a sling bullet. The sling bullet hits the gnoll.
You kill the gnoll!
Okawaru accepts your kill.
A scorpion comes into view.
You shoot a sling bullet.
The sling bullet closely misses the scorpion.
The scorpion stings you.
You shoot a sling bullet. The sling bullet hits the scorpion!
The scorpion is heavily wounded.
The scorpion stings you but does no damage.
The scorpion stings you.
You are poisoned.
The scorpion poisons you!
You shoot a sling bullet. The sling bullet hits the scorpion.
The scorpion is severely wounded.
You feel very sick. The scorpion stings you.
You are lethally poisoned!
The scorpion poisons you!
You shoot a sling bullet. The sling bullet hits the scorpion.
The scorpion is almost dead.
You feel very sick. The scorpion stings you.
You are more poisoned.
The scorpion poisons you! The scorpion closely misses you.
You furiously retaliate!
You headbutt the scorpion.
2845 ||| READING scroll of teleportation.
As you read the scroll of teleportation, it crumbles to dust.
You feel strangely unstable.
You die...

. .. g..
g...
####.....
#.).g...#
#s#
#####@#
#.....#
#.#####
#.#.#
#.#.#
#.#.#
#.#.##
#.#..#
#.##.#


You could see a scorpion.

Vanquished Creatures
  Terence (D:2)
  Natasha (thrice) (D:2)
  4 gnolls (D:5)
  3 adders
  2 worms
  A dart slug (D:2)
  6 endoplasms
  2 giant cockroaches
  4 goblins
  4 hobgoblins (D:1)
  A quokka (D:2)
  3 ball pythons
  6 bats
  2 frilled lizards (D:2)
  5 kobolds
  4 rats
51 creatures vanquished.

Notes
Turn   | Place    | Note
-------+----------+-------------------------------------------
     0 | D:1      | qw the Minotaur Hexslinger began the quest for the Orb.
     0 | D:1      | Reached XP level 1. HP: 16/16 MP: 1/1
     0 | D:1      | 0 ||| qw: Version: 0.3-a-46-gb1f654a
     0 | D:1      | 0 ||| qw: Game counter: 2357
     0 | D:1      | 0 ||| qw: Melee chars always use a shield: true
     0 | D:1      | 0 ||| qw: God list: Okawaru
     0 | D:1      | 0 ||| qw: Allow faded altars: false
     0 | D:1      | 0 ||| qw: Do Orc after clearing Dungeon:15 true
     0 | D:1      | 0 ||| qw: Do second Lair branch before Depths: true
     0 | D:1      | 0 ||| qw: Lair rune preference: random
     0 | D:1      | 0 ||| qw: Goals: Normal
     0 | D:1      | 0 ||| PLANNING D:1-11
   301 | D:1      | Reached skill level 3 in Ranged Weapons
   301 | D:1      | Reached XP level 2. HP: 23/23 MP: 2/2
   328 | D:1      | Found a faded altar of an unknown god.
   695 | D:1      | 695 ||| UPGRADING to +6 ring of dexterity.
   696 | D:1      | 696 ||| READING 2 scrolls labelled TILLEI GEPEN.
   701 | D:1      | 701 ||| READING 2 scrolls labelled ERHUUTUSOU.
   702 | D:1      | 702 ||| READING 2 scrolls labelled XEMECE RIKLOSSOLY.
   703 | D:1      | 703 ||| READING scroll labelled GAIDI FOGGEKU.
   704 | D:1      | 704 ||| DROPPING scroll of poison.
   705 | D:1      | 705 ||| DROPPING scroll of amnesia.
   747 | D:2      | Noticed Natasha
   754 | D:2      | Killed Natasha
   755 | D:2      | Reached XP level 3. HP: 13/29 MP: 3/3
   843 | D:2      | Reached skill level 4 in Ranged Weapons
   844 | D:2      | Noticed Natasha
   848 | D:2      | 848 ||| FLEEEEING.
   850 | D:2      | Killed Natasha
   851 | D:2      | Reached XP level 4. HP: 17/36 MP: 4/4
  1187 | D:2      | Noticed Natasha
  1190 | D:2      | 1190 ||| FLEEEEING.
  1191 | D:2      | 1191 ||| FLEEEEING.
  1192 | D:2      | 1192 ||| FLEEEEING.
  1193 | D:2      | 1193 ||| FLEEEEING.
  1194 | D:2      | 1194 ||| FLEEEEING.
  1195 | D:2      | 1195 ||| FLEEEEING.
  1196 | D:2      | 1196 ||| FLEEEEING.
  1197 | D:2      | 1197 ||| FLEEEEING.
  1202 | D:2      | 1202 ||| FLEEEEING.
  1203 | D:2      | 1203 ||| FLEEEEING.
  1204 | D:2      | 1204 ||| FLEEEEING.
  1209 | D:2      | 1209 ||| FLEEEEING.
  1210 | D:2      | 1210 ||| FLEEEEING.
  1211 | D:2      | 1211 ||| FLEEEEING.
  1219 | D:2      | HP: 7/36 [Natasha/magic dart (9)]
  1220 | D:2      | 1220 ||| READING scroll of teleportation.
  1512 | D:2      | Noticed Terence
  1521 | D:2      | Killed Terence
  1522 | D:2      | Reached skill level 5 in Ranged Weapons
  1755 | D:2      | Killed Natasha
  1756 | D:2      | Reached XP level 5. HP: 24/44 MP: 5/5
  1941 | D:2      | 1941 ||| UPGRADING to +0 ring mail.
  1951 | D:2      | 1951 ||| DROPPING +0 robe.
  1952 | D:2      | 1952 ||| UPGRADING to +0 cloak.
  1957 | D:2      | 1957 ||| DRINKING 2 red potions.
  1982 | D:3      | 1982 ||| READING scroll of enchant armour.
  1982 | D:3      | 1982 ||| ENCHANTING +0 cloak.
  2119 | D:3      | Reached skill level 1 in Armour
  2340 | D:3      | Reached skill level 3 in Fighting
  2369 | D:3      | 2369 ||| UPGRADING to ring of willpower.
  2370 | D:3      | 2370 ||| READING scroll labelled NYBUDESHRIBRA.
  2371 | D:3      | 2371 ||| READING scroll labelled SETAWU OHUE.
  2372 | D:3      | 2372 ||| READING scroll labelled TAOCHES NEVYI.
  2373 | D:3      | 2373 ||| READING 3 scrolls of identify.
  2373 | D:3      | 2373 ||| IDENTIFYING cyan potion
  2374 | D:3      | 2374 ||| READING 2 scrolls of identify.
  2374 | D:3      | 2374 ||| IDENTIFYING fuming golden potion
  2488 | D:4      | Found a staircase to the Ecumenical Temple.
  2489 | D:4      | 2489 ||| PLANNING TEMPLE
  2494 | Temple   | Entered the Ecumenical Temple
  2557 | Temple   | 2557 ||| PLANNING OKAWARU WORSHIP
  2666 | Temple   | Became a worshipper of Warmaster Okawaru
  2667 | Temple   | 2667 ||| PLANNING D:1-11
  2689 | D:4      | Identified the scarf "Qaokeph" {harm, MP+9 Str+2}
  2756 | D:4      | Found a hazy altar of Hepliaklqana.
  2795 | D:4      | You fall into a shaft and drop 1 floor!
  2795 | D:5      | Entered Level 5 of the Dungeon
  2816 | D:5      | 2816 ||| Stepping ~*~*~tactically~*~*~ (outnumbered).
  2818 | D:5      | 2818 ||| Stepping ~*~*~tactically~*~*~ (outnumbered).
  2844 | D:5      | HP: 7/45 [poisoned by a scorpion]
  2844 | D:5      | HP: 2/45 [scorpion (5)]
  2845 | D:5      | 2845 ||| READING scroll of teleportation.
  2845 | D:5      | Succumbed to a scorpion's poison

Levels and vault maps discovered:
D:1:      lightli_arrival_quake, layout_basic, ebering_ecumenical_altar_mist
D:2:      minmay_inner_zag, layout_basic, uniq_natasha, uniq_terence
D:3:      layout_basic
D:4:      layout_loops_ring, grunt_temple_overflow_holy_war,
          mainiacjoe_overflow_tiny_flanked, minmay_temple_entry_arrows,
          kennysheep_cluttered_room
D:5:      layout_basic, nrook_pool_corridor, roderic_batcave,
          nicolae_kite_square_tiling_tiny, nicolae_goblin_pals, uniq_eustachio,
          uniq_edmund
Temple:   nicolae_temple_bog_church

Skill      XL: |  1  2  3  4  5 |
---------------+----------------+-----
Ranged Weapons | 3 4 5 |  5.8
Fighting       | 2 3 |  3.1
Armour         | 1 |  1.1
Dodging        | |  2.1
Spellcasting   | |  1.0
Hexes          | |  2.0

Action                     |  1- 3 |  4- 6 || total
---------------------------+-------+-------++-------
   Fire: Sling             |    57 |   118 ||   175
    Use: Scroll            |     4 |     8 ||    12
         Potion            |       |     1 ||     1
 Armour: Robe              |     5 |     7 ||    12
         Ring mail         |       |     8 ||     8
  Dodge: Dodged            |    13 |    33 ||    46

Table legend:
 A = Non-vault XP
 B = Vault XP
 C = Vault XP percentage of total XP
 D = Non-vault monster count
 E = Vault monster count
 F = Vault count percentage of total count
                 A         B        C        D         E       F
            +---------+---------+-------+---------+---------+-------
      Total |     224 |      87 |  28.0 |      46 |       5 |   9.8
            +---------+---------+-------+---------+---------+-------
        D:1 |      26 |       0 |   0.0 |      16 |       0 |   0.0
        D:2 |      92 |      87 |  48.6 |      13 |       5 |  27.8
        D:3 |      43 |       0 |   0.0 |      10 |       0 |   0.0
        D:4 |       5 |       0 |   0.0 |       3 |       0 |   0.0
        D:5 |      58 |       0 |   0.0 |       4 |       0 |   0.0
            +---------+---------+-------+---------+---------+-------
